 Dungeon Crawl Stone Soup version 0.26-a0-707-g31817bcca1 (console) character file.

Game seed: 10782991883285554621

318768 Ignak the Victor of a Thousand Battles (level 21, -13/214 HPs)
             Began as a Gnoll Ice Elementalist on Oct 22, 2020.
             Was the Champion of Okawaru.
             Mangled by an emperor scorpion (22 damage)
             ... on level 4 of the Spider Nest on Oct 26, 2020.
             The game lasted 04:12:16 (52739 turns).

Ignak the Victor of a Thousand Battles (GnIE)      Turns: 52739, Time: 04:12:17

Health: -13/214    AC: 39    Str: 11      XL:     21   Next: 82%
Magic:  1/39       EV: 25    Int: 27 (28) God:    Okawaru [******]
Gold:   2374       SH:  8    Dex: 17      Spells: 0/49 levels left

rFire    + . .     SeeInvis +   C - +7 hand axe {pain, rF+ rN+ Stlth+}
rCold    + . .     Faith    .   y - +0 buckler {AC+3}
rNeg     + + .     Spirit   .   (armour currently unavailable)
rPois    ∞         Reflect  .   q - +2 helmet
rElec    +         Harm     .   k - +1 cloak of Shadows and Fog {rF+ SInv}
rCorr    .         Rampage  .   (gloves currently unavailable)
MR       ++...                  (boots currently unavailable)
Stlth    ++++++++..             w - amulet "Jant" {RegenMP rElec}
HPRegen  0.45/turn              V - ring of ice
MPRegen  0.51/turn              H - ring "Baameogi" {+Blink rPois MR+ Int+2 Stlth+}

@: statue-form (expiring), very slow
A: distributed training, fangs 1, repulsion field 1, blink, deformed body, sense
surroundings 1, wild magic 1, strong nose
}: 1/15 runes: decaying
a: End Transformation, Blink, Heroism, Finesse, Renounce Religion, Evoke Blink


You were on level 4 of the Spider Nest.
You worshipped Okawaru.
Okawaru was exalted by your worship.
You were a stone statue.
You visited 7 branches of the dungeon, and saw 36 of its levels.
You also visited: Gauntlet.

You collected 5505 gold pieces.
You spent 3131 gold pieces at shops.

Inventory:

Hand Weapons
 u - the +6 lajatang of Dried Tears {spect, rF+ Str+3}
   (Okawaru gifted it to you on level 5 of the Lair of Beasts)

   It retains the spirit of the tree from which it was made.
   In the hands of one skilled in evocations this spirit is drawn out to fight
   along side the wielder.
   It affects your strength (+3).
   It protects you from fire.
 C - the +7 hand axe of Internal Strife (weapon) {pain, rF+ rN+ Stlth+}
   (You found it on level 3 of the Swamp)

   In the hands of one skilled in necromantic magic, it inflicts extra damage on
   living creatures.
   It protects you from fire.
   It protects you from negative energy.
   It makes you more stealthy.
 E - a +5 long sword of holy wrath
Armour
 k - the +1 cloak of Shadows and Fog (worn) {rF+ SInv}
   (Okawaru gifted it to you on level 4 of the Vaults)

   It protects you from fire.
   It lets you see invisible.
 q - a +2 helmet (worn)
 v - a +1 pair of boots (melded)
 y - a +0 buckler of protection (worn)
 G - +0 ice dragon scales
 J - a +2 kite shield of poison resistance
 L - a +3 troll leather armour (melded)
 M - a +2 pair of gloves of strength (melded)
Magical Staves
 e - an uncursed staff of cold
Jewellery
 j - the macabre finger necklace {rN+}
   (You took it off a minotaur in a Gauntlet)

   [amulet of nothing]

   It protects you from negative energy.
 m - the ring of the Twelve Bones {*Contam rElec rF++ MP+9 SInv}
   (You bought it in a shop on level 2 of the Orcish Mines)

   [ring of see invisible]

   It greatly protects you from fire.
   It insulates you from electricity.
   It affects your magic capacity (+9).
   It lets you see invisible.
   It causes magical contamination when unequipped.
 w - the amulet "Jant" (around neck) {RegenMP rElec}
   (You acquired it on level 13 of the Dungeon)

   [amulet of magic regeneration]

   It increases your magic regeneration.
   It insulates you from electricity.
 x - an uncursed amulet of regeneration
 F - the ring "Jootox" {rF+ rC+ Int+3}
   (You found it on level 7 of the Dungeon)

   [ring of protection from cold]

   It affects your intelligence (+3).
   It protects you from fire.
   It protects you from cold.
 H - the ring "Baameogi" (right hand) {+Blink rPois MR+ Int+2 Stlth+}
   (You acquired it on level 11 of the Dungeon)

   [ring of protection from magic]

   It affects your intelligence (+2).
   It protects you from poison.
   It affects your resistance to hostile enchantments.
   It lets you blink.
   It makes you more stealthy.
 R - an uncursed ring of protection from cold
 V - a ring of ice (left hand)
Wands
 c - a wand of flame (15)
 i - a wand of polymorph (29)
 l - a wand of acid (24)
 K - a wand of digging (11)
 Q - a wand of iceblast (26)
 T - a wand of paralysis (17)
 Y - a wand of enslavement (25)
 Z - a wand of disintegration (34)
Scrolls
 a - a scroll of torment
 d - 8 scrolls of magic mapping
 f - 11 scrolls of teleportation
 n - 10 scrolls of remove curse
 p - 5 scrolls of fog
 r - 8 scrolls of identify
 I - a scroll of blinking
 N - a scroll of enchant weapon
 S - 3 scrolls of amnesia
 W - 3 scrolls of fear
 X - a scroll of summoning {unknown}
Potions
 g - 4 potions of heal wounds
 o - 4 potions of brilliance
 t - 2 potions of haste
 z - 3 potions of flight
 A - a potion of cancellation
 B - 7 potions of lignification
 D - 12 potions of curing
 O - 4 potions of magic
 P - 4 potions of ambrosia
 U - 4 potions of might
Miscellaneous
 b - a condenser vane (2/2)
 h - a lightning rod (4/4)
 s - a box of beasts (3/3)


   Skills:
 + Level 14.2 Fighting
 + Level 14.2 Short Blades
 + Level 14.2 Long Blades
 + Level 14.2 Axes
 + Level 14.2 Maces & Flails
 + Level 14.2 Polearms
 + Level 14.2 Staves
 + Level 14.2 Slings
 + Level 14.2 Bows
 + Level 14.2 Crossbows
 + Level 14.2 Throwing
 + Level 14.2 Armour
 + Level 14.8 Dodging
 + Level 14.7 Stealth
 + Level 14.2 Shields
 + Level 14.2 Unarmed Combat
 + Level 14.9 Spellcasting
 + Level 12.2 Conjurations
 + Level 12.2 Hexes
 + Level 12.2 Summonings
 + Level 12.2 Necromancy
 + Level 12.2 Translocations
 + Level 12.2 Transmutations
 + Level 12.2 Fire Magic
 + Level 13.8 Ice Magic
 + Level 12.2 Air Magic
 + Level 12.2 Earth Magic
 + Level 12.2 Poison Magic
 + Level 15.3 Invocations
 + Level 14.2 Evocations


You couldn't memorise any spells.
You knew the following spells:

 Your Spells              Type           Power        Failure   Level
a - Eringya's Noxious Bo  Tmut/Pois      #######...   4%          6
b - Dispersal             Tloc           #######...   4%          6
c - Frozen Ramparts       Ice            ######       1%          3
d - Statue Form           Tmut/Erth      #######..    4%          6
e - Summon Lightning Spi  Summ/Air       #######.     1%          4
f - Hailstorm             Conj/Ice       ########     1%          4
g - Conjure Ball Lightni  Conj/Air       #######...   4%          6
h - Portal Projectile     Hex/Tloc       ######       1%          3
i - Bolt of Magma         Conj/Fire/Erth #######...   1%          5
q - Vampiric Draining     Necr           #######...   1%          3
z - Ozocubu's Armour      Ice            ########     1%          3

Your spell library contained the following spells:

 Spells                   Type           Power        Failure   Level
 Animate Skeleton         Necr           ######       1%          1
 Apportation              Tloc           ######       1%          1
 Beastly Appendage        Tmut           ######       1%          1
 Corona                   Hex            #######      1%          1
 Freeze                   Ice            ####         1%          1
 Pain                     Necr           ####         1%          1
 Sting                    Tmut/Pois      ####         1%          1
 Summon Small Mammal      Summ           ####         1%          1
 Call Imp                 Summ           #######.     1%          2
 Corpse Rot               Necr/Air       N/A          1%          2
 Ensorcelled Hibernation  Hex/Ice        ######       1%          2
 Call Canine Familiar     Summ           #######.     1%          3
 Confusing Touch          Hex            #######.     1%          3
 Dazzling Flash           Conj/Hex       ######       1%          3
 Gell's Gravitas          Tloc           #######...   1%          3
 Spider Form              Tmut/Pois      #######...   1%          3
 Stone Arrow              Conj/Erth      ######       1%          3
 Summon Guardian Golem    Hex/Summ       #######.     1%          3
 Tukima's Dance           Hex            #######.     1%          3
 Animate Dead             Necr           #######...   1%          4
 Cause Fear               Hex            #######...   1%          4
 Leda's Liquefaction      Hex/Erth       #######...   1%          4
 Summon Ice Beast         Ice/Summ       ########     1%          4
 Agony                    Necr           #######.     1%          5
 Blade Hands              Tmut           #######...   1%          5
 Silence                  Hex/Air        #######...   1%          5
 Summon Forest            Summ/Tloc      #######...   1%          5
 Yara's Violent Unravell  Hex/Tmut       #######...   1%          5
 Hydra Form               Tmut           #######...   4%          6
 Iron Shot                Conj/Erth      #######...   4%          6
 Summon Hydra             Summ           #######...   21%         7
 Discord                  Hex            #######...   82%         8
 Disjunction              Tloc           #######...   82%         8
 Shatter                  Erth           #######...   100%        9
 Tornado                  Air            #######...   100%        9


Dungeon Overview and Level Annotations

Branches:
Dungeon (15/15)            Temple (1/1) D:7            Lair (6/6) D:11
  Swamp (4/4) Lair:3       Spider (4/4) Lair:4        Slime (0/5) Lair:5
    Orc (2/2) D:11            Elf (0/3) Orc:2        Vaults (4/5) D:13
  Crypt (0/3) Vaults:2     Depths (0/5) D:15        Gauntlet (visited)

Altars:
Ashenzari
Cheibriados
Dithmenos
Elyvilon
Fedhas
Gozag
Hepliaklqana
Kikubaaqudgha
Makhleb
Nemelex Xobeh
Okawaru
Qazlal
Ru
Sif Muna
Trog
Uskayaw
Vehumet
Wu Jian
Xom
Yredelemnul
Zin
The Shining One
Jiyva

Shops:
D:9 ?   D:11 (   D:15 =   Orc:2 [[*(=}


Innate Abilities, Weirdness & Mutations

Your experience applies equally to all skills.
You have very sharp teeth.
Your uncanny sense of smell can sniff out nearby items.
You are surrounded by a mild repulsion field. (EV +2)
((You are partially covered in molten scales. (AC +2)))
You can translocate small distances at will.
Armour fits poorly on your strangely shaped body.
You passively map a small area around you.
Your spells are a little harder to cast, but a little more powerful.


Message History

You blink.
A wolf spider comes into view.
The emperor scorpion completely misses you. x2
The emperor scorpion claws you.
* * * LOW HITPOINT WARNING * * *
The emperor scorpion misses you.
The emperor scorpion claws you but does no damage.
The emperor scorpion claws you.
* * * LOW HITPOINT WARNING * * *
You block the emperor scorpion's attack.
The emperor scorpion barely misses you.
The emperor scorpion closely misses you.
The emperor scorpion stings you but does no damage.
The emperor scorpion claws you.
* * * LOW HITPOINT WARNING * * *
The emperor scorpion claws you but does no damage.
A ghost moth comes into view.
The moth of wrath completely misses you.
The emperor scorpion stings you!!
You die...

*#^...# #..# ≈ ,
##### #####
.^..## #..#.!≈y.^
..#
.#..#*##^†#.≈.≈..
..# <.#...
#≈..#.≈φ≈s##..#
,,*,
#...#!≈≈≈.#.≈.#
,, ,
*##..##.≈≈....#
^, , ,
*#...#.......# ,
*#...#^..≈s.#* *
, #..^#...8ss# *
#...##^#ys§# * *
#....# #.†## *
#.≈.^###.##
#.......^#
##...≈...#
##.....## ##^..≈#
######


You could see 4 emperor scorpions, a ghost moth (wandering, invisible), a wolf
spider and a moth of wrath.

Vanquished Creatures
  Saint Roka (Vaults:4)
  Arachne (Spider:2)
  2 acid blobs (Lair:5)
  A sphinx (Vaults:4)
  Gastronok (Lair:2)
  Kirke (Spider:2)
  A thorn hunter (Swamp:3)
  A tengu reaver (Vaults:4)
  3 frost giants
  6 vault wardens
  4 emperor scorpions
  3 ghost moths (Spider:4)
  10 ironheart preservers
  Aizul (Swamp:3)
  A war gargoyle (Vaults:2)
  4 entropy weavers
  8 very ugly things
  5 stone giants
  A vampire knight (Vaults:2)
  A deep elf annihilator (Vaults:3)
  A minotaur (Gauntlet)
  A dire elephant (Lair:6)
  An eidolon (Vaults:2)
  2 green deaths (Swamp:4)
  An ettin (Vaults:4)
  A death ooze (Swamp:4)
  9 yaktaur captains
  A fire dragon (Vaults:4)
  2 deep elf death magi (Vaults:2)
  A great orb of eyes (Vaults:4)
  An ice dragon (Vaults:2)
  Harold (D:11)
  2 rakshasas (Vaults:1)
  A catoblepas (D:13)
  2 hell beasts (Swamp:4)
  2 shambling mangroves (Swamp:1)
  18 boulder beetles
  14 hydras
  Erolcha (D:11)
  A vault guard (Vaults:3)
  A death knight (Vaults:4)
  11 centaur warriors
  12 alligators
  2 dancing weapons (D:13)
  A two-headed ogre (shapeshifter) (Vaults:2)
  11 ogre magi
  17 death yaks
  2 deep troll shamans (Vaults:3)
  29 two-headed ogres
  A queen ant (Gauntlet)
  3 tengu warriors
  2 deep troll earth magi
  A sun demon (D:14)
  A soul eater (Gauntlet)
  3 deep elf knights (Vaults:2)
  2 shadow wraiths
  A skeletal warrior (Vaults:4)
  3 spriggan druids
  An unseen horror (shapeshifter) (D:14)
  An entropy weaver zombie (Spider:3)
  An unseen horror (Vaults:1)
  2 glowing orange brains
  A flayed ghost (Vaults:2)
  4 wizards
  11 swamp dragons
  A lindwurm (shapeshifter) (D:14)
  9 deep trolls
  12 ironbrand convokers
  4 deep elf archers
  3 necromancers (Vaults:4)
  11 orc knights
  A wolf spider zombie (Spider:3)
  A lindwurm (Lair:6)
  A shadow dragon zombie (Vaults:4)
  A harpy (shapeshifter) (Vaults:4)
  A tengu zombie (Vaults:4)
  9 harpies
  15 orb spiders
  26 ugly things
  7 deep elf magi
  36 wolf spiders
  An oklob plant (Lair:3)
  A tengu skeleton (Vaults:4)
  3 orc sorcerers
  2 human zombies (Vaults:4)
  A fire giant zombie (Vaults:4)
  A moth of wrath (Spider:4)
  5 cyclopes
  A manticore (D:11)
  11 vault sentinels
  A fire giant skeleton (Vaults:4)
  3 orange demons (Swamp:4)
  14 elephants
  21 cane toads
  4 gargoyles
  3 black mambas
  2 kobold demonologists
  2 emperor scorpion zombies (Spider:3)
  A cane toad (shapeshifter) (Vaults:2)
  A small abomination (Spider:3)
  An ice devil (D:14)
  2 rime drakes
  3 efreet
  14 komodo dragons
  5 torpor snails
  20 yaktaurs
  16 demonic crawlers
  A rime drake (shapeshifter) (D:15)
  3 freezing wraiths
  A tengu conjurer (D:15)
  A polar bear (Lair:6)
  6 meliai
  A queen bee (Spider:1)
  10 trolls
  5 tyrant leeches
  24 hornets
  Prince Ribbit (Lair:2)
  28 jumping spiders
  A polar bear (shapeshifter) (D:15)
  38 slime creatures
  A harpy skeleton (D:15)
  10 blink frogs
  A fire giant simulacrum (Vaults:4)
  11 bog bodies
  2 tarantella zombies (Spider:3)
  A meliai zombie (D:13)
  15 dream sheep
  A centaur simulacrum (D:14)
  27 tarantellas
  89 redbacks
  3 shadows
  2 vampires
  3 fire elementals (Gauntlet)
  3 wraiths
  6 water elementals
  27 yaks
  19 spriggans
  4 wyverns
  2 large abominations (Swamp:4)
  5 basilisks
  Grum (D:9)
  An ettin skeleton (Vaults:4)
  A steam dragon (D:11)
  3 hogs (Spider:2)
  A redback simulacrum (D:15)
  A yaktaur simulacrum (Vaults:4)
  13 vampire mosquitoes
  6 insubstantial wisps (Swamp:4)
  5 wargs
  A swamp worm (shapeshifter) (Vaults:2)
  17 water moccasins
  14 swamp worms
  2 acid dragons
  A hell hound (Gauntlet)
  A nameless horror (D:12)
  14 soldier ants
  7 swamp drakes
  4 ice beasts
  5 black bears (Lair:6)
  26 orc warriors
  A hornet zombie (D:13)
  4 sky beasts
  29 wolves
  An elf zombie (Vaults:4)
  2 eyes of draining
  3 phantoms
  A necrophage (D:8)
  36 ogres
  35 centaurs
  11 boggarts
  An elf skeleton (Vaults:4)
  5 big kobolds (D:12)
  15 bullfrogs
  A deep troll simulacrum (Vaults:2)
  A human skeleton (Vaults:4)
  A water moccasin zombie (D:5)
  15 scorpions
  23 killer bees
  16 wights
  7 howler monkeys
  4 electric eels
  4 crimson imps (D:14)
  3 bullfrog zombies (D:12)
  A centaur zombie (D:7)
  A human simulacrum (Vaults:3)
  5 jellies
  5 hounds
  18 orc priests
  3 bullfrog skeletons
  4 centaur skeletons
  10 hell rats
  20 worker ants
  4 iguanas
  19 orc wizards
  A hound zombie (D:10)
  A hound skeleton (D:4)
  2 worker ant zombies
  5 gnolls
  14 adders
  7 river rats (Lair:6)
  4 shadow imps
  9 white imps
  An ufetubus (D:9)
  2 oozes
  An adder skeleton (D:5)
  3 dart slugs (D:1)
  3 worms
  5 leopard geckos
  84 orcs
  7 bats
  A bat zombie (D:4)
  4 giant cockroaches
  11 goblins
  4 hobgoblins
  6 jackals
  8 kobolds
  3 quokkas
  4 ball pythons
  7 frilled lizards
  A leopard gecko skeleton (D:8)
  A quokka zombie (D:9)
  16 rats
  12 crawling corpses (Spider:3)
1532 creatures vanquished.

Vanquished Creatures (collateral kills)
  Jorgrun (Orc:1)
  Roxanne (D:14)
  A fire giant (Vaults:4)
  A ghoul (Vaults:4)
  A stone giant (Vaults:4)
  4 very ugly things
  Nessos (Orc:2)
  The ghost of pantherbaby0 the Fighter, a journeyman TrDe of Ru (Lair:2)
  2 yaktaur captains
  A vault guard (Vaults:3)
  3 slime creatures
  2 ogre magi (Orc:2)
  3 hydras
  8 two-headed ogres
  6 death yaks
  Nergalle (Lair:2)
  A spriggan druid (Swamp:4)
  A swamp dragon (Swamp:4)
  2 orc knights
  6 ugly things
  An orb spider (Spider:4)
  A necromancer (Vaults:4)
  A deep elf mage (D:12)
  A cyclops (shapeshifter) (D:15)
  3 oklob plants (Lair:3)
  2 wolf spiders
  A cyclops (D:12)
  A manticore (D:14)
  A vault sentinel (Vaults:4)
  2 elephants (Lair:6)
  4 black mambas
  2 cane toads
  4 ball lightnings
  A jumping spider (Spider:2)
  A tyrant leech (Swamp:1)
  4 hornets
  A frost giant simulacrum (Vaults:4)
  3 dream sheep (Lair:5)
  5 blink frogs
  A bog body (Swamp:1)
  3 spriggans
  A shadow (Swamp:4)
  4 yaks
  2 wraiths
  A steam dragon (D:12)
  2 swamp worms
  4 wargs
  A soldier ant (Gauntlet)
  A water moccasin (Lair:3)
  A swamp drake (Swamp:4)
  6 orc warriors
  An ice beast (D:13)
  4 phantoms
  4 wolves
  10 ogres
  A centaur (D:7)
  A boggart (Lair:6)
  A bullfrog (Lair:2)
  A killer bee (Spider:1)
  7 orc wizards
  9 orc priests
  4 hell rats (Lair:5)
  3 worker ants
  2 shadow imps (Gauntlet)
  A white imp (D:7)
  27 orcs
  A quokka skeleton (D:5)
190 creatures vanquished.

Vanquished Creatures (others)
  A wolf spider (Spider:4)
  332 ball lightnings
  3 redbacks (Spider:4)
  3 humans (Spider:2)
  An ogre (Vaults:4)
  A killer bee (Spider:1)
  35 fungi
  87 plants
463 creatures vanquished.

Grand Total: 2185 creatures vanquished

Notes
Turn   | Place    | Note
-------+----------+-------------------------------------------
     0 | D:1      | Ignak the Gnoll Ice Elementalist began the quest for the
                  | Orb.
     0 | D:1      | Reached XP level 1. HP: 13/13 MP: 6/6
    67 | D:1      | Reached XP level 2. HP: 17/19 MP: 2/7
   328 | D:1      | Reached XP level 3. HP: 25/25 MP: 5/9
   331 | D:1      | Reached skill level 5 in Spellcasting
   336 | D:1      | Reached skill level 1 in Invocations
   357 | D:1      | Learned a level 3 spell: Frozen Ramparts
   947 | D:1      | Reached skill level 1 in Fighting
   947 | D:1      | Reached skill level 1 in Short Blades
   947 | D:1      | Reached skill level 1 in Long Blades
   947 | D:1      | Reached skill level 1 in Axes
   947 | D:1      | Reached skill level 1 in Maces & Flails
   947 | D:1      | Reached skill level 1 in Polearms
   947 | D:1      | Reached skill level 1 in Staves
   947 | D:1      | Reached skill level 1 in Slings
   947 | D:1      | Reached skill level 1 in Bows
   947 | D:1      | Reached skill level 1 in Crossbows
   947 | D:1      | Reached skill level 1 in Throwing
   947 | D:1      | Reached skill level 1 in Armour
   947 | D:1      | Reached skill level 1 in Shields
   947 | D:1      | Reached skill level 1 in Unarmed Combat
   947 | D:1      | Reached skill level 1 in Evocations
  1266 | D:2      | Reached XP level 4. HP: 32/32 MP: 11/11
  1656 | D:2      | Reached skill level 1 in Conjurations
  1656 | D:2      | Reached skill level 1 in Hexes
  1656 | D:2      | Reached skill level 1 in Summonings
  1656 | D:2      | Reached skill level 1 in Necromancy
  1656 | D:2      | Reached skill level 1 in Translocations
  1656 | D:2      | Reached skill level 1 in Transmutations
  1656 | D:2      | Reached skill level 1 in Fire Magic
  1656 | D:2      | Reached skill level 1 in Air Magic
  1656 | D:2      | Reached skill level 1 in Earth Magic
  1656 | D:2      | Reached skill level 1 in Poison Magic
  1867 | D:3      | Learned a level 3 spell: Ozocubu's Armour
  1873 | D:3      | Learned a level 4 spell: Summon Ice Beast
  2158 | D:3      | Reached XP level 5. HP: 24/37 MP: 12/12
  2408 | D:3      | Found a sparkling altar of Nemelex Xobeh.
  3083 | D:4      | Gained mutation: Your magical capacity is low. (-10% MP)
                  | [potion of mutation]
  3083 | D:4      | Gained mutation: Your body sometimes deteriorates upon
                  | taking damage. [potion of mutation]
  3083 | D:4      | Gained mutation: You evolve. [potion of mutation]
  3293 | D:4      | Reached skill level 2 in Invocations
  3293 | D:4      | Reached XP level 6. HP: 44/44 MP: 12/12
  3401 | D:4      | Found an ancient bone altar of Kikubaaqudgha.
  3765 | D:5      | Entered Level 5 of the Dungeon
  3772 | D:5      | Reached skill level 5 in Dodging
  3935 | D:5      | Reached XP level 7. HP: 25/50 MP: 9/13
  4306 | D:5      | Learned a level 4 spell: Hailstorm
  4372 | D:5      | Reached skill level 5 in Stealth
  4753 | D:5      | Reached skill level 3 in Invocations
  4754 | D:5      | Reached XP level 8. HP: 46/57 MP: 15/15
  5307 | D:5      | Found a shimmering blue altar of Sif Muna.
  6481 | D:6      | Learned a level 3 spell: Vampiric Draining
  6703 | D:6      | Noticed a moth of wrath
  6706 | D:6      | Found a bloodstained altar of Trog.
  7085 | D:7      | Found a white marble altar of Elyvilon.
  7159 | D:7      | Reached skill level 4 in Invocations
  7346 | D:7      | Found a hazy altar of Hepliaklqana.
  7856 | D:7      | Got a glittering copper ring
  7860 | D:7      | Identified the ring "Jootox" {rF+ rC+ Int+3} (You found it
                  | on level 7 of the Dungeon)
  8216 | D:7      | Reached XP level 9. HP: 60/65 MP: 9/16
  8267 | D:7      | Found a staircase to the Ecumenical Temple.
  8393 | Temple   | Entered the Ecumenical Temple
  8405 | Temple   | Became a worshipper of Warmaster Okawaru
  8432 | D:7      | Gained mutation: You are partially covered in rugged brown
                  | scales. (AC +1, +3% HP) [evolution]
  8682 | D:8      | Found a broken altar of Ashenzari.
  9004 | D:8      | Found a stormy altar of Qazlal.
  9005 | D:8      | Found an ornate altar of the Wu Jian Council.
  9008 | D:8      | Found a burning altar of Makhleb.
  9080 | D:8      | Reached * piety under Okawaru
  9273 | D:8      | Found a hazy altar of Hepliaklqana.
  9771 | D:9      | Reached skill level 5 in Invocations
  9774 | D:9      | Noticed Grum
  9784 | D:9      | Killed Grum
  9930 | D:9      | Reached XP level 10. HP: 72/75 MP: 2/18
  9982 | D:9      | Reached ** piety under Okawaru
 10219 | D:9      | Found Sat Ept's Magic Scroll Emporium.
 10231 | D:9      | Bought a scroll of magic mapping for 49 gold pieces
 10231 | D:9      | Bought a scroll of teleportation for 42 gold pieces
 10231 | D:9      | Bought 3 scrolls of identify for 84 gold pieces
 10237 | D:9      | Learned a level 4 spell: Summon Lightning Spire
 10476 | D:9      | Reached skill level 5 in Fighting
 10476 | D:9      | Reached skill level 5 in Short Blades
 10476 | D:9      | Reached skill level 5 in Long Blades
 10476 | D:9      | Reached skill level 5 in Axes
 10476 | D:9      | Reached skill level 5 in Maces & Flails
 10476 | D:9      | Reached skill level 5 in Polearms
 10476 | D:9      | Reached skill level 5 in Staves
 10476 | D:9      | Reached skill level 5 in Slings
 10476 | D:9      | Reached skill level 5 in Bows
 10476 | D:9      | Reached skill level 5 in Crossbows
 10476 | D:9      | Reached skill level 5 in Throwing
 10476 | D:9      | Reached skill level 5 in Armour
 10476 | D:9      | Reached skill level 5 in Shields
 10476 | D:9      | Reached skill level 5 in Unarmed Combat
 10476 | D:9      | Reached skill level 5 in Evocations
 11177 | D:9      | HP: 3/76 [something (5)]
 11387 | D:9      | HP: 2/76 [something (8)]
 11554 | D:9      | Gained mutation: Your spells are a little harder to cast,
                  | but a little more powerful. [evolution]
 11749 | D:10     | Entered Level 10 of the Dungeon
 11760 | D:10     | Noticed a gargoyle
 11887 | D:10     | Killed a gargoyle
 12657 | D:11     | Got a shimmering quarterstaff
 12658 | D:11     | Identified the +6 quarterstaff "Soxecu" {protect, rF+ Str-5
                  | SInv} (You found it on level 11 of the Dungeon)
 12660 | D:11     | Identified a scroll of acquirement
 12660 | D:11     | Acquired the ring "Baameogi" {+Blink rPois MR+ Int+2
                  | Stlth+}
 12730 | D:11     | Reached skill level 6 in Invocations
 12800 | D:11     | Reached *** piety under Okawaru
 12841 | D:11     | Lost mutation: You evolve. [evolution]
 13006 | D:11     | Noticed a boulder beetle
 13032 | D:11     | Killed a boulder beetle
 13032 | D:11     | Reached XP level 11. HP: 20/83 MP: 1/20
 13579 | D:11     | Found a staircase to the Orcish Mines.
 13648 | D:11     | Noticed Erolcha
 13662 | D:11     | Killed Erolcha
 13662 | D:11     | Reached skill level 5 in Conjurations
 13662 | D:11     | Reached skill level 5 in Hexes
 13662 | D:11     | Reached skill level 5 in Summonings
 13662 | D:11     | Reached skill level 5 in Necromancy
 13662 | D:11     | Reached skill level 5 in Translocations
 13662 | D:11     | Reached skill level 5 in Transmutations
 13662 | D:11     | Reached skill level 5 in Fire Magic
 13662 | D:11     | Reached skill level 5 in Air Magic
 13662 | D:11     | Reached skill level 5 in Earth Magic
 13662 | D:11     | Reached skill level 5 in Poison Magic
 13711 | D:11     | Noticed a manticore
 13719 | D:11     | Killed a manticore
 13719 | D:11     | Reached **** piety under Okawaru
 13890 | D:11     | Noticed Harold
 13915 | D:11     | Killed Harold
 13915 | D:11     | Reached ***** piety under Okawaru
 14057 | D:11     | Found Ullukiwn's Antique Weapon Shop.
 14064 | D:11     | Found a staircase to the Lair.
 14070 | D:11     | Received a gift from Okawaru
 14192 | D:11     | Reached skill level 7 in Invocations
 14874 | D:12     | Noticed a cyclops
 14879 | D:12     | Killed a cyclops
 14879 | D:12     | Received a gift from Okawaru
 15038 | D:12     | Lost mutation: Your magical capacity is low. (-10% MP)
                  | [potion of mutation]
 15038 | D:12     | Lost mutation: Your body sometimes deteriorates upon taking
                  | damage. [potion of mutation]
 15038 | D:12     | Lost mutation: You are partially covered in rugged brown
                  | scales. (AC +1, +3% HP) [potion of mutation]
 15038 | D:12     | Gained mutation: You are surrounded by a mild repulsion
                  | field. (EV +2) [potion of mutation]
 15038 | D:12     | Gained mutation: You passively map a small area around you.
                  | [potion of mutation]
 15038 | D:12     | Gained mutation: You are partially covered in molten
                  | scales. (AC +2) [potion of mutation]
 15038 | D:12     | Gained mutation: You can translocate small distances at
                  | will. [potion of mutation]
 15061 | D:12     | Noticed a deep elf mage
 15067 | D:12     | Killed a deep elf mage
 15136 | D:12     | Noticed a two-headed ogre
 15148 | D:12     | Killed a two-headed ogre
 15148 | D:12     | Reached XP level 12. HP: 83/89 MP: 13/24
 15417 | D:12     | Noticed a boulder beetle
 15449 | D:12     | Killed a boulder beetle
 16146 | Orc:1    | Entered Level 1 of the Orcish Mines
 16179 | Orc:1    | Noticed Jorgrun
 16194 | Orc:1    | Reached ****** piety under Okawaru
 16199 | Orc:1    | Killed Jorgrun
 16199 | Orc:1    | Reached skill level 8 in Invocations
 16608 | Orc:1    | Received a gift from Okawaru
 16621 | Orc:1    | Got an iridescent halberd {god gift}
 16622 | Orc:1    | Identified the +7 halberd of Responsibility {vorpal,
                  | Stlth+} (Okawaru gifted it to you on level 1 of the Orcish
                  | Mines)
 16952 | Orc:2    | Entered Level 2 of the Orcish Mines
 17081 | Orc:2    | Noticed a stone giant
 17094 | Orc:2    | Killed a stone giant
 17176 | Orc:2    | Found a staircase to the Elven Halls.
 17238 | Orc:2    | Noticed Nessos
 17272 | Orc:2    | Killed Nessos
 17487 | Orc:2    | Noticed a two-headed ogre
 17487 | Orc:2    | Noticed a two-headed ogre
 17487 | Orc:2    | Noticed a two-headed ogre
 17487 | Orc:2    | Noticed a two-headed ogre
 17487 | Orc:2    | Noticed a two-headed ogre
 17488 | Orc:2    | Noticed a two-headed ogre
 17493 | Orc:2    | Killed a two-headed ogre
 17493 | Orc:2    | Received a gift from Okawaru
 17495 | Orc:2    | Killed a two-headed ogre
 17496 | Orc:2    | Killed a two-headed ogre
 17496 | Orc:2    | Reached XP level 13. HP: 63/98 MP: 7/26
 17498 | Orc:2    | Noticed an ogre mage
 17504 | Orc:2    | Killed an ogre mage
 17564 | Orc:2    | HP: 3/98 [two-headed ogre/+0 giant club (12)]
 17733 | Orc:2    | Reached skill level 9 in Invocations
 17739 | Orc:2    | Received a gift from Okawaru
 17920 | Orc:2    | Reached skill level 10 in Ice Magic
 17972 | Orc:2    | Found Pob Gif's Antique Weapon Shoppe.
 17972 | Orc:2    | Found Joigock's Gadget Boutique.
 17972 | Orc:2    | Found Vek Iwn's Assorted Antiques.
 17972 | Orc:2    | Found Tutokk's Jewellery Shoppe.
 18021 | Orc:2    | Bought an uncursed amulet of regeneration for 510 gold
                  | pieces
 18384 | Orc:2    | Found Seikal's Armour Emporium.
 18388 | Orc:2    | Bought a +1 helmet for 161 gold pieces
 18416 | Orc:2    | Found Genkiq's Armour Shop.
 18435 | Orc:2    | Bought a +0 buckler for 49 gold pieces
 18836 | Orc:2    | Bought a scroll of enchant armour for 240 gold pieces
 18950 | Lair:1   | Entered Level 1 of the Lair of Beasts
 19894 | Lair:2   | Noticed Prince Ribbit
 19901 | Lair:2   | Killed Prince Ribbit
 19901 | Lair:2   | Reached skill level 10 in Spellcasting
 19903 | Lair:2   | Received a gift from Okawaru
 20156 | Lair:2   | Found a runed translucent gate.
 20156 | Lair:2   | Found a runed translucent gate.
 20156 | Lair:2   | Found a runed translucent gate.
 20158 | Lair:2   | Found a viscous altar of Jiyva.
 20158 | Lair:2   | Noticed pantherbaby0's ghost (journeyman TrDe)
 20221 | Lair:2   | Noticed Nergalle
 20234 | Lair:2   | Killed Nergalle
 20234 | Lair:2   | Reached XP level 14. HP: 105/106 MP: 9/28
 20611 | Lair:2   | Noticed Gastronok
 20624 | Lair:2   | Killed Gastronok
 20624 | Lair:2   | Reached skill level 10 in Dodging
 20981 | Lair:2   | Killed pantherbaby0's ghost
 21400 | Lair:3   | Received a gift from Okawaru
 21400 | Lair:3   | Reached skill level 10 in Stealth
 21801 | Lair:3   | Reached skill level 10 in Invocations
 22340 | Lair:3   | Found a staircase to the Swamp.
 23088 | Lair:4   | Upgraded the game from 0.26-a0-683-g5206c1d7ac to
                  | 0.26-a0-689-gc93c913f66
 23127 | Lair:4   | Received a gift from Okawaru
 23622 | Lair:4   | Found a hole to the Spider Nest.
 23977 | Lair:5   | Reached XP level 15. HP: 89/115 MP: 12/29
 23979 | Lair:5   | Received a gift from Okawaru
 24222 | Lair:5   | Received a gift from Okawaru
 24223 | Lair:5   | Got a faintly glowing lajatang {god gift}
 24407 | Lair:4   | Identified the +6 lajatang of Dried Tears {spect, rF+
                  | Str+3} (Okawaru gifted it to you on level 5 of the Lair of
                  | Beasts)
 24686 | Lair:5   | Reached skill level 10 in Fighting
 24686 | Lair:5   | Reached skill level 10 in Short Blades
 24686 | Lair:5   | Reached skill level 10 in Long Blades
 24686 | Lair:5   | Reached skill level 10 in Axes
 24686 | Lair:5   | Reached skill level 10 in Maces & Flails
 24686 | Lair:5   | Reached skill level 10 in Polearms
 24686 | Lair:5   | Reached skill level 10 in Staves
 24686 | Lair:5   | Reached skill level 10 in Slings
 24686 | Lair:5   | Reached skill level 10 in Bows
 24686 | Lair:5   | Reached skill level 10 in Crossbows
 24686 | Lair:5   | Reached skill level 10 in Throwing
 24686 | Lair:5   | Reached skill level 10 in Armour
 24686 | Lair:5   | Reached skill level 10 in Shields
 24686 | Lair:5   | Reached skill level 10 in Unarmed Combat
 24686 | Lair:5   | Reached skill level 10 in Evocations
 24961 | Lair:5   | Found a runed translucent door.
 24961 | Lair:5   | Found a viscous altar of Jiyva.
 24961 | Lair:5   | Found a staircase to the Slime Pits.
 24961 | Lair:5   | Noticed an acid blob
 24961 | Lair:5   | Noticed an acid blob
 24975 | Lair:5   | Killed an acid blob
 24975 | Lair:5   | Received a gift from Okawaru
 24975 | Lair:5   | Killed an acid blob
 24975 | Lair:5   | Received a gift from Okawaru
 25081 | Lair:5   | Reached skill level 11 in Invocations
 25195 | Lair:5   | Received a gift from Okawaru
 25286 | Lair:6   | Entered Level 6 of the Lair of Beasts
 25527 | Lair:6   | Received a gift from Okawaru
 25752 | Lair:6   | Received a gift from Okawaru
 25990 | Lair:6   | Reached XP level 16. HP: 111/123 MP: 13/31
 26614 | Lair:6   | Acquired a book of the Warp
 26623 | Lair:6   | Learned a level 6 spell: Dispersal
 26659 | Lair:6   | Learned a level 6 spell: Statue Form
 26720 | Lair:6   | Learned a level 6 spell: Conjure Ball Lightning
 27445 | D:13     | Acquired the amulet "Jant" {RegenMP rElec}
 27466 | D:13     | Found a gate to the Vaults.
 27541 | D:13     | Found the amulet of the Air {Inacc +Fly rElec EV+5 RMsl}
 28461 | D:14     | Found a gate leading to a gauntlet.
 28473 | D:14     | Received a gift from Okawaru
 28484 | D:14     | Noticed Roxanne
 28523 | D:14     | Killed Roxanne
 28533 | Gauntlet | Entered a Gauntlet
 28533 | Gauntlet | Found a transporter.
 28533 | Gauntlet | Found a transporter.
 28534 | Gauntlet | Found a transporter.
 28537 | Gauntlet | Found a transporter.
 28537 | Gauntlet | Found a transporter.
 28538 | Gauntlet | Found a transporter.
 28579 | Gauntlet | Found a transporter.
 28582 | Gauntlet | Found a transporter.
 28593 | Gauntlet | Found a transporter.
 28613 | Gauntlet | Found a transporter.
 28630 | Gauntlet | Found a transporter.
 28634 | Gauntlet | Found a transporter.
 28990 | Gauntlet | Acquired 923 gold pieces
 29485 | Orc:2    | Bought the ring of the Twelve Bones {*Contam rElec rF++
                  | MP+9 SInv} for 1016 gold pieces
 29828 | D:14     | Got a steaming whip
 29839 | D:14     | Identified the +0 whip of Disharmony {freeze, +Inv rC-
                  | Int+2 Stlth+} (You found it on level 14 of the Dungeon)
 29908 | D:14     | Found a blossoming altar of Fedhas.
 30547 | D:15     | Entered Level 15 of the Dungeon
 30652 | D:15     | Reached skill level 12 in Invocations
 30875 | D:15     | Received a gift from Okawaru
 31388 | D:15     | Reached XP level 17. HP: 120/131 MP: 33/33
 31426 | D:15     | Found Jirrebann's Jewellery Emporium.
 31727 | D:15     | Found a staircase to the Depths.
 32215 | Swamp:1  | Entered Level 1 of the Swamp
 32369 | Swamp:1  | Received a gift from Okawaru
 32612 | Swamp:1  | Received a gift from Okawaru
 32824 | Swamp:1  | Received a gift from Okawaru
 33470 | Swamp:2  | Received a gift from Okawaru
 34236 | Swamp:3  | Received a gift from Okawaru
 34291 | Swamp:3  | Noticed Aizul
 34313 | Swamp:3  | Killed Aizul
 35304 | Swamp:3  | Got a warped hand axe
 35305 | Swamp:3  | Identified the +7 hand axe of Internal Strife {pain, rF+
                  | rN+ Stlth+} (You found it on level 3 of the Swamp)
 35684 | Swamp:4  | Entered Level 4 of the Swamp
 35802 | Swamp:4  | Reached skill level 10 in Conjurations
 35802 | Swamp:4  | Reached skill level 10 in Hexes
 35802 | Swamp:4  | Reached skill level 10 in Summonings
 35802 | Swamp:4  | Reached skill level 10 in Necromancy
 35802 | Swamp:4  | Reached skill level 10 in Translocations
 35802 | Swamp:4  | Reached skill level 10 in Transmutations
 35802 | Swamp:4  | Reached skill level 10 in Fire Magic
 35802 | Swamp:4  | Reached skill level 10 in Air Magic
 35802 | Swamp:4  | Reached skill level 10 in Earth Magic
 35802 | Swamp:4  | Reached skill level 10 in Poison Magic
 35802 | Swamp:4  | Was placed under penance by Okawaru
 35817 | Swamp:4  | Was forgiven by Okawaru
 35817 | Swamp:4  | Received a gift from Okawaru
 36107 | Swamp:4  | Received a gift from Okawaru
 36652 | Swamp:4  | Reached XP level 18. HP: 140/140 MP: 19/34
 37088 | Swamp:4  | Got a decaying rune of Zot
 37324 | Swamp:4  | Learned a level 3 spell: Portal Projectile
 37609 | Vaults:1 | Entered Level 1 of the Vaults
 37626 | Vaults:1 | Reached skill level 13 in Invocations
 37987 | Vaults:1 | Received a gift from Okawaru
 38132 | Vaults:1 | Received a gift from Okawaru
 38250 | Vaults:1 | Received a gift from Okawaru
 38264 | Vaults:1 | Got a faintly humming ring mail {god gift}
 38265 | Vaults:1 | Identified the +3 ring mail of Past Mistakes {rF- rN+
                  | Int+5} (Okawaru gifted it to you on level 1 of the Vaults)
 38603 | Vaults:1 | HP: 4/140 [white very ugly thing (48)]
 40039 | Vaults:2 | Reached XP level 19. HP: 104/147 MP: 5/36
 40238 | Vaults:2 | Found the +2 robe of Vines {NoPotionHeal Regen+7}
 40242 | Vaults:2 | Received a gift from Okawaru
 40570 | Vaults:2 | Received a gift from Okawaru
 40624 | Vaults:2 | HP: 7/192 [stone giant/large rock (11)]
 41036 | Vaults:2 | Found a staircase to the Crypt.
 41349 | Vaults:2 | Received a gift from Okawaru
 42444 | Vaults:3 | Reached skill level 14 in Invocations
 42772 | Orc:2    | Bought a wand of digging (6) for 260 gold pieces
 42774 | Orc:2    | Bought a scroll of enchant armour for 240 gold pieces
 42774 | Orc:2    | Bought a droning book for 480 gold pieces
 44332 | Vaults:3 | Got a scorched chain mail
 44333 | Vaults:3 | Identified the +3 chain mail of Action {*Drain rElec Int+3
                  | Dex+4} (You found it on level 3 of the Vaults)
 44773 | Vaults:4 | Reached XP level 20. HP: 121/156 MP: 37/37
 44911 | Vaults:4 | Received a gift from Okawaru
 45160 | Vaults:4 | Received a gift from Okawaru
 45452 | Vaults:4 | Upgraded the game from 0.26-a0-689-gc93c913f66 to
                  | 0.26-a0-707-g31817bcca1
 45472 | Vaults:4 | Received a gift from Okawaru
 45473 | Vaults:4 | Got a dazzling cloak {god gift}
 45503 | Vaults:4 | Identified the +1 cloak of Shadows and Fog {rF+ SInv}
                  | (Okawaru gifted it to you on level 4 of the Vaults)
 45908 | Vaults:4 | Noticed Saint Roka
 45925 | Vaults:4 | Killed Saint Roka
 47493 | Spider:1 | Entered Level 1 of the Spider Nest
 47833 | Lair:4   | Gained mutation: Armour fits poorly on your strangely
                  | shaped body. [mutagenic glow]
 48093 | Spider:1 | Received a gift from Okawaru
 48098 | Spider:1 | Received a gift from Okawaru
 48216 | Spider:1 | Reached XP level 21. HP: 164/164 MP: 18/39
 48735 | Spider:2 | Learned a level 5 spell: Bolt of Magma
 48780 | Spider:2 | Received a gift from Okawaru
 48791 | Spider:2 | Got a brightly glowing quarterstaff {god gift}
 48792 | Spider:2 | Identified the +0 quarterstaff of Impermanence {freeze, rF+
                  | rN+ Str+6} (Okawaru gifted it to you on level 2 of the
                  | Spider Nest)
 48964 | Spider:2 | Noticed Arachne
 48980 | Spider:2 | Noticed Kirke
 48994 | Spider:2 | Killed Arachne
 49002 | Spider:2 | Killed Kirke
 50027 | Spider:3 | Reached skill level 15 in Invocations
 50531 | Spider:3 | Received a gift from Okawaru
 51092 | Spider:3 | Received a gift from Okawaru
 51136 | Spider:3 | Got a twitching ivory ring
 51138 | Spider:3 | Identified the ring of the Sun {rC- MP+9 Str+7} (You found
                  | it on level 3 of the Spider Nest)
 51233 | Spider:4 | Entered Level 4 of the Spider Nest
 51422 | Spider:4 | Acquired 545 gold pieces
 51445 | Spider:4 | HP: 10/214 [meliai/divine providence (16)]
 52611 | Spider:4 | Learned a level 6 spell: Eringya's Noxious Bog
 52739 | Spider:4 | HP: 9/214 [emperor scorpion (4)]
 52739 | Spider:4 | Mangled by an emperor scorpion

Illustrated notes

Levels and vault maps discovered:
D:1:      dpeg_arrival_subterranean_lakeside_camping, layout_rooms,
          minmay_misc_feat_more_columns, minmay_heptomino_h4
D:2:      layout_basic
D:3:      layout_basic, lemuel_coloured_pillars_altar
D:4:      layout_loops_ring, lemuel_zombie_altar_kikubaaqudgha
D:5:      cheibrodos_helix_gallery, layout_rooms, lemuel_round_altar,
          grunt_ministairs_6
D:6:      layout_basic, tgw_trog
D:7:      layout_basic, marbit_many_paths, old_standard_altar,
          minmay_temple_entry_poolview
D:8:      layout_basic, lemuel_round_altar, grunt_temple_overflow_open,
          basic_altar
D:9:      lemuel_ice_spiral_2, layout_basic, serial_shops,
          nicolae_shop_competitors_out_of_business, minivault_25, uniq_grum
D:10:     layout_loops_ring
D:11:     layout_roguey, david_lair_shrubbed, david_orc_4, serial_shops, shop,
          uniq_erolcha, uniq_harold
D:12:     layout_roguey, nicolae_underground_beach
D:13:     layout_basic, erik_vaults_1
D:14:     layout_roguey, fedhas_altar_fruit_tree, gauntlet_entry_generic,
          minmay_fire_ice_demons, uniq_roxanne
D:15:     gammafunk_enter_depths_forms, layout_grid_maze, serial_shops, shop,
          minmay_misc_feat_four_crosses
Temple:   nicolae_temple_no_exploring_needed
Lair:1:   wander_river, layout_chaotic_city
Lair:2:   layout_cave_shapes, gammafunk_ghost_ooze, uniq_nergalle,
          uniq_gastronok, uniq_prince_ribbit2
Lair:3:   layout_roguey, nicolae_swamp_entry_splash_gauntlet,
          minmay_lair_oklob_chamber
Lair:4:   layout_regular_city, nicolae_spider_entry_orb_guardian,
          beast_lair_carwin_8, grunt_megastairs_1
Lair:5:   layout_misc_corridors, slime_altar_2, hangedman_lair_generics_rect,
          grunt_megastairs_5
Lair:6:   minmay_lair_end_enchanted_forest, layout_regular_city,
          kennysheep_abandoned_house
Swamp:1:  layout_basic_swamp, evilmike_swamp_ruin_house_2, swamp_pool5
Swamp:2:  layout_basic_swamp, nicolae_swamp_very_dense_foliage
Swamp:3:  layout_basic_swamp, nicolae_swamp_fairy_circle, uniq_aizul
Swamp:4:  swamp_vile, layout_basic_swamp
Spider:1: layout_spider_delve, special_room [special_room_bee]
Spider:2: layout_spider_delve, guppyfry_hornet_nest, uniq_arachne, uniq_kirke
Spider:3: hangedman_creepy_crawlies
Spider:4: grunt_spider_rune_circles
Orc:1:    layout_diamond_mine, small_statue_alley_c, uniq_jorgrun
Orc:2:    st_orc_ogre_mass, layout_diamond_mine, serial_shops, shop_statue,
          shop, uniq_nessos
Vaults:1: nicolae_vaults_inception_scallops, ontoclasm_vaults_ring_square,
          nicolae_vaults_asterisk, vaults_room_pools, ontoclasm_vaults_fault,
          vaults_dpeg_cross, hangedman_vaults_impose, nicolae_vaults_little_ls,
          vaults_dpeg_hooks, dpeg_vaults_monster_box, layout_vaults_chaotic_city
Vaults:2: st_octagons_2, vaults_standard_mumra_enter_the_diamond, v_misc_11,
          nicolae_vaults_yaktaur_gun_rack, v_rooms_1,
          nicolae_vaults_border_crossing, vaults_room_stairs_pillars,
          v_pattern_1, vaults_dpeg_doors, minmay_crypt_entry_simple_box,
          layout_vaults_omnigrid
Vaults:3: nicolae_vaults_windows_and_doors_thing, v_misc_2,
          nicolae_vaults_big_ls, v_misc_33, vaults_room_door_hall,
          ontoclasm_vaults_claustrophobia, v_misc_30, grunt_vaults_bifocal,
          nicolae_vaults_angled_halls, nicolae_vaults_little_squares_4,
          nicolae_vaults_asterisk, vaults_dpeg_ring, layout_vaults_big_cross
Vaults:4: v_misc_17, nicolae_vaults_mini_display_case, v_misc_2,
          nicolae_vaults_halls_meeting, v_misc_33, ontoclasm_vaults_ring_square,
          nicolae_vaults_ring_of_whatevers, v_misc_2, v_misc_4,
          vaults_dpeg_diagonal, v_alt_pattern_2, nicolae_vaults_theta,
          nicolae_vaults_specimen_jars, layout_vaults_maze_bifur,
          uniq_saint_roka

Skill      XL: |  1  2  3  4  5  6  7  8  9 10 11 12 13 14 15 16 17 18 19 20 21 |
---------------+----------------------------------------------------------------+-----
Spellcasting   | 5 6 7 8 9 10 11 12 13 14 | 14.9
Invocations    | 1 2 3 4 5 6 7 8 9 10 11 12 13 14 15 | 15.3
Fighting       | 1 2 3 4 5 6 7 8 9 10 11 12 13 14 | 14.2
Short Blades   | 1 2 3 4 5 6 7 8 9 10 11 12 13 14 | 14.2
Long Blades    | 1 2 3 4 5 6 7 8 9 10 11 12 13 14 | 14.2
Axes           | 1 2 3 4 5 6 7 8 9 10 11 12 13 14 | 14.2
Maces & Flails | 1 2 3 4 5 6 7 8 9 10 11 12 13 14 | 14.2
Polearms       | 1 2 3 4 5 6 7 8 9 10 11 12 13 14 | 14.2
Staves         | 1 2 3 4 5 6 7 8 9 10 11 12 13 14 | 14.2
Slings         | 1 2 3 4 5 6 7 8 9 10 11 12 13 14 | 14.2
Bows           | 1 2 3 4 5 6 7 8 9 10 11 12 13 14 | 14.2
Crossbows      | 1 2 3 4 5 6 7 8 9 10 11 12 13 14 | 14.2
Throwing       | 1 2 3 4 5 6 7 8 9 10 11 12 13 14 | 14.2
Armour         | 1 2 3 4 5 6 7 8 9 10 11 12 13 14 | 14.2
Shields        | 1 2 3 4 5 6 7 8 9 10 11 12 13 14 | 14.2
Unarmed Combat | 1 2 3 4 5 6 7 8 9 10 11 12 13 14 | 14.2
Evocations     | 1 2 3 4 5 6 7 8 9 10 11 12 13 14 | 14.2
Conjurations   | 1 2 3 4 5 6 7 8 9 10 11 12 | 12.2
Hexes          | 1 2 3 4 5 6 7 8 9 10 11 12 | 12.2
Summonings     | 1 2 3 4 5 6 7 8 9 10 11 12 | 12.2
Necromancy     | 1 2 3 4 5 6 7 8 9 10 11 12 | 12.2
Translocations | 1 2 3 4 5 6 7 8 9 10 11 12 | 12.2
Transmutations | 1 2 3 4 5 6 7 8 9 10 11 12 | 12.2
Fire Magic     | 1 2 3 4 5 6 7 8 9 10 11 12 | 12.2
Air Magic      | 1 2 3 4 5 6 7 8 9 10 11 12 | 12.2
Earth Magic    | 1 2 3 4 5 6 7 8 9 10 11 12 | 12.2
Poison Magic   | 1 2 3 4 5 6 7 8 9 10 11 12 | 12.2
Dodging        | 5 6 7 8 9 10 11 12 13 14 | 14.8
Stealth        | 5 6 7 8 9 10 11 12 13 14 | 14.7
Ice Magic      | 8 9 10 11 12 13 | 13.8

Action                   |  1- 3 |  4- 6 |  7- 9 | 10-12 | 13-15 | 16-18 | 19-21 || total
-------------------------+-------+-------+-------+-------+-------+-------+-------++-------
Melee: Unarmed           |     8 |       |       |       |       |       |       ||     8
       Spear             |    10 |    25 |       |       |       |       |       ||    35
       Club              |     3 |       |       |       |       |       |       ||     3
       Bite              |       |     7 |    36 |    32 |    55 |   129 |   176 ||   435
       Staff             |       |    56 |   336 |       |       |       |       ||   392
       Punch             |       |     1 |     5 |     1 |       |       |       ||     7
       Morningstar       |       |       |    17 |    99 |       |       |       ||   116
       Quarterstaff      |       |       |       |   225 |       |       |       ||   225
       Halberd           |       |       |       |    42 |   305 |       |       ||   347
       Lajatang          |       |       |       |       |   144 |   436 |       ||   580
       Hand axe          |       |       |       |       |       |   470 |  1151 ||  1621
       Long sword        |       |       |       |       |       |       |    15 ||    15
Throw: Dart              |     1 |       |       |     8 |     1 |       |       ||    10
 Cast: Freeze            |    27 |    16 |     5 |     2 |       |       |       ||    50
       Frozen Ramparts   |    13 |    28 |    37 |    43 |    39 |    19 |    13 ||   192
       Ozocubu's Armour  |       |     6 |    14 |    18 |    16 |    36 |    36 ||   126
       Hailstorm         |       |       |    15 |    60 |    91 |    83 |    88 ||   337
       Summon Ice Beast  |       |       |    17 |       |       |       |       ||    17
       Vampiric Draining |       |       |     1 |    23 |    51 |    89 |   139 ||   303
       Summon Lightning  |       |       |       |    24 |    29 |    34 |    12 ||    99
       Statue Form       |       |       |       |       |       |    45 |    31 ||    76
       Conjure Ball Ligh |       |       |       |       |       |    54 |    71 ||   125
       Dispersal         |       |       |       |       |       |     3 |     1 ||     4
       Portal Projectile |       |       |       |       |       |     9 |    13 ||    22
       Eringya's Noxious |       |       |       |       |       |       |     7 ||     7
       Bolt of Magma     |       |       |       |       |       |       |     3 ||     3
Invok: Finesse           |       |       |       |     1 |     2 |       |       ||     3
       Heroism           |       |       |       |     1 |       |     1 |     1 ||     3
 Abil: Evoke Blink       |       |       |       |       |     9 |     7 |    11 ||    27
       Blink             |       |       |       |       |     1 |     1 |       ||     2
Evoke: Wand              |       |       |       |     7 |       |     3 |     1 ||    11
       Box of beasts     |       |       |       |     2 |     5 |    10 |     6 ||    23
       Lightning rod     |       |       |       |       |     4 |     1 |       ||     5
       Condenser vane    |       |       |       |       |       |     2 |     1 ||     3
  Use: Scroll            |     2 |     2 |    14 |    10 |    10 |    16 |    16 ||    70
       Potion            |     2 |     8 |     5 |     5 |     2 |     6 |     7 ||    35
 Stab: Sleeping          |     3 |     4 |     6 |    10 |    11 |    13 |    15 ||    62
       Distracted        |       |       |     2 |       |     4 |    12 |     8 ||    26
       Invisible         |       |       |       |       |       |     1 |       ||     1
       Confused          |       |       |       |       |       |     1 |       ||     1
Armor: Robe              |    10 |     1 |       |       |       |       |    17 ||    28
       Leather armour    |       |    58 |   125 |    81 |       |       |       ||   264
       Skin              |       |       |    10 |       |       |   390 |   458 ||   858
       Troll leather arm |       |       |       |    88 |   175 |   199 |   323 ||   785
       Ice dragon scales |       |       |       |       |       |       |    39 ||    39
Dodge: Dodged            |    27 |    98 |   265 |   355 |   651 |  1495 |  2231 ||  5122
Block: Buckler           |       |       |       |       |       |   215 |   816 ||  1031
       Rpst.: Long sword |       |       |       |       |       |       |     4 ||     4

Table legend: (Time is in decaauts)
 A = Elapsed time spent in this place.
 B = Non-inter-level travel time spent in this place.
 C = Inter-level travel time spent in this place.
 D = Time resting spent in this place.
 E = Time spent auto-exploring this place.
 F = Levels seen in this place.
 G = Mean time per level.
                   A        B        C        D        E       F      G
               +--------+--------+--------+--------+--------+-----+--------+
         Total |  54785 |  51386 |   3399 |  12556 |  19798 |  37 | 1480.7 |
       Dungeon |  20874 |  19588 |   1286 |   4607 |   8398 |  15 | 1391.6 |
        Temple |     19 |     19 |      0 |      0 |      0 |   1 |   19.0 |
          Lair |  10007 |   9157 |    850 |   2426 |   3308 |   6 | 1667.8 |
         Swamp |   6214 |   5712 |    502 |   1701 |   2398 |   4 | 1553.5 |
   Spider Nest |   4865 |   4854 |     11 |   1257 |   1430 |   4 | 1216.2 |
  Orcish Mines |   2924 |   2688 |    236 |    524 |    787 |   2 | 1462.0 |
        Vaults |   9047 |   8534 |    513 |   1860 |   3475 |   4 | 2261.8 |
      Gauntlet |    833 |    833 |      0 |    180 |      0 |   1 |  833.0 |
               +--------+--------+--------+--------+--------+-----+--------+

Top non-repeatable levels by time:
    D:11: 2550 daAuts
Vaults:2: 2451 daAuts
  Lair:4: 2315 daAuts
Vaults:4: 2276 daAuts
Vaults:1: 2251 daAuts
  Lair:3: 2185 daAuts
     D:9: 2069 daAuts
Vaults:3: 2067 daAuts
 Swamp:4: 1992 daAuts
  Lair:6: 1957 daAuts
 Swamp:3: 1851 daAuts
Spider:3: 1845 daAuts
    D:12: 1729 daAuts
   Orc:2: 1634 daAuts
     D:7: 1569 daAuts
